 Dungeon Crawl Stone Soup version 0.30-a0-23-ge60ba3568b (webtiles) character file.

Game seed: 18070570588818946759

87 snetch the Trooper (level 4, -12/61 HPs)
             Began as a Minotaur Berserker on Aug 26, 2022.
             Was a Believer of Trog.
             Mangled by a gnoll
             ... wielding a +0 halberd
              (13 damage)
             ... on level 3 of the Dungeon.
             The game lasted 00:04:18 (1497 turns).

snetch the Trooper (Minotaur Berserker)             Turns: 1497, Time: 00:04:20

Health: -12/61     AC:  5    Str: 23    XL:     4   Next: 28%
Magic:  12/12      EV:  8    Int:  4    God:    Trog [**....]
Gold:   52         SH:  0    Dex: 10    Spells: 3/3 levels left

rFire   . . .      SeeInvis .    e - +0 mace (vorpal)
rCold   + . .      Faith    .    (no shield)
rNeg    . . .      Spirit   .    j - +0 ring mail
rPois   .          Reflect  .    (helmet restricted)
rElec   .          Harm     .    (no cloak)
rCorr   .          Rampage  .    (no gloves)
Will    .....                    (no boots)
Stlth   ..........               (no amulet)
HPRegen 0.20/turn                l - ring of magical power
MPRegen 0.13/turn                o - ring of protection from cold

@: berserking, constricted, very quick
A: horns 2, retaliatory headbutt
a: Renounce Religion, Berserk, Trog's Hand


You were on level 3 of the Dungeon.
You worshipped Trog.
Trog was pleased with you.
You visited 1 branch of the dungeon, and saw 3 of its levels.

You collected 52 gold pieces.

Inventory:

Hand Weapons
 a - a +0 hand axe
 e - a +0 vorpal mace (weapon)
Missiles
 i - 22 stones (quivered)
Armour
 b - a +0 tower shield
 j - a +0 ring mail (worn)
Jewellery
 l - a ring of magical power (left hand)
 o - a ring of protection from cold (right hand)
Scrolls
 c - a scroll of blinking {unknown}
 f - a scroll of poison {unknown}
 h - 4 scrolls of identify {unknown}
 n - a scroll of noise {unknown}
 p - a scroll of enchant weapon {unknown}
 r - a scroll of magic mapping {unknown}
 s - a scroll of summoning {unknown}
Potions
 d - a potion of might {unknown}
 g - 2 potions of haste {unknown}
 k - 2 potions of attraction {unknown}
 m - a potion of curing {unknown}
 q - a potion of brilliance {unknown}


   Skills:
 + Level 4.6 Fighting
 + Level 4.4(4.5) Axes
 + Level 0.6(2.8) Maces & Flails
 + Level 0.1 Throwing
 + Level 3.0 Armour
 + Level 3.0 Dodging


You had 3 spell levels left.
You didn't know any spells.
Your spell library was empty.

Dungeon Overview and Level Annotations

Branches:
Dungeon (3/15)

Altars:
Okawaru


Innate Abilities, Weirdness & Mutations

You have a pair of horns on your head.
You reflexively headbutt those who attack you in melee.


Message History

You kill the ball python!
Trog accepts your kill.
The gnoll hits you from afar with a +0 halberd!
The gnoll hits you but does no damage.
Items here: )) ††.
You hit the gnoll.
The gnoll is heavily wounded.
The gnoll hits you with a +0 spear. The gnoll completely misses you.
You closely miss the gnoll. You headbutt the gnoll.
The gnoll is almost dead.
The gnoll hits you from afar with a +0 halberd!
* * * LOW HITPOINT WARNING * * *
The gnoll closely misses you. x2; The gnoll barely misses you.
Unknown command.
A red film seems to cover your vision as you go berserk!
You feel yourself moving faster!
You feel mighty! The gnoll hits you with a +0 spear.
* * * LOW HITPOINT WARNING * * *
The gnoll hits you but does no damage.
You sock the gnoll!
You kill the gnoll!
Trog accepts your kill. The worm closely misses you.
Your Armour skill increases to level 3!
Unknown command.
You sock the worm!
The worm is heavily wounded.
The ball python barely misses you. The ball python grabs you.
The ball python constricts you.
* * * LOW HITPOINT WARNING * * *
The gnoll barely misses you.
A hobgoblin comes into view.
The hobgoblin shouts!
You hit the worm.
The worm is almost dead.
The ball python bites you but does no damage.
The ball python constricts you.
* * * LOW HITPOINT WARNING * * *
The gnoll hits you from afar with a +0 halberd!
You die...

# #. #.. ....
..... #
......#####g.#
#.....†w@Sg..#
#.#...####g..#
..... .....
#+## ..## ...
##


You could see a worm, a gnoll, a hobgoblin, a goblin and a ball python.

Vanquished Creatures
  3 gnolls (D:3)
  An adder (D:2)
  A worm (D:2)
  A dart slug (D:1)
  4 ball pythons
  3 endoplasms (D:1)
  2 giant cockroaches (D:1)
  2 goblins (D:1)
  3 hobgoblins
  6 jackals
  3 quokkas
  3 bats
  A frilled lizard (D:2)
  6 kobolds
  3 rats
42 creatures vanquished.

Notes
Turn   | Place    | Note
-------+----------+-------------------------------------------
     0 | D:1      | snetch the Minotaur Berserker began the quest for the Orb.
     0 | D:1      | Reached XP level 1. HP: 19/19 MP: 0/0
    45 | D:2      | Reached XP level 2. HP: 16/27 MP: 1/1
   611 | D:1      | Found a faded altar of an unknown god.
   615 | D:1      | Reached XP level 3. HP: 34/34 MP: 2/2
  1209 | D:2      | Found an iron altar of Okawaru.
  1294 | D:1      | Reached ** piety under Trog
  1489 | D:3      | Reached XP level 4. HP: 35/41 MP: 3/3
  1494 | D:3      | HP: 3/61 [gnoll/+0 spear (6)]
  1497 | D:3      | HP: 1/61 [constriction (1)]
  1497 | D:3      | Mangled by a gnoll

Illustrated notes

Levels and vault maps discovered:
D:1:      lightli_arrival_quake, layout_loops_corners,
          hellmonk_ecumenical_altar_run_dry
D:2:      layout_loops_cross, basic_altar
D:3:      cheibrodos_fertilizer, layout_loops_ring,
          nicolae_overflow_crystal_walls, minmay_misc_feat_room

Skill      XL: |  1  2  3  4 |
---------------+-------------+-----
Fighting       | 4 |  4.6
Axes           | 4 |  4.4
Dodging        | 3 |  3.0
Armour         | 3 |  3.0
Maces & Flails | |  0.6
Throwing       | |  0.1

Action                   |  1- 3 |  4- 6 || total
-------------------------+-------+-------++-------
Melee: Hand axe          |     7 |       ||     7
       Mace              |    74 |     7 ||    81
       Headbutt          |     5 |     1 ||     6
       Punch             |     1 |       ||     1
Throw: Stone             |     3 |       ||     3
Invok: Berserk           |     1 |     1 ||     2
Armor: Animal skin       |     4 |       ||     4
       Ring mail         |    27 |     5 ||    32
Dodge: Dodged            |    62 |     9 ||    71

Table legend: (Time is in decaauts)
 A = Elapsed time spent in this place.
 B = Non-inter-level travel time spent in this place.
 C = Inter-level travel time spent in this place.
 D = Time resting spent in this place.
 E = Time spent auto-exploring this place.
 F = Levels seen in this place.
 G = Mean time per level.
                   A        B        C        D        E       F      G
               +--------+--------+--------+--------+--------+-----+--------+
         Total |   1524 |   1478 |     46 |     36 |   1027 |   3 |  508.0 |
       Dungeon |   1524 |   1478 |     46 |     36 |   1027 |   3 |  508.0 |
               +--------+--------+--------+--------+--------+-----+--------+

Top non-repeatable levels by time:
     D:1: 1264 daAuts
     D:2: 235 daAuts
     D:3: 25 daAuts
